 Dungeon Crawl Stone Soup version 0.31.0-11-ge490571c62 (webtiles) character file.

Game seed: 957661748027984487

37 qw the Shooter (level 3, 0/18 HPs)
             Began as a Spriggan Hunter on Feb 4, 2024.
             Succumbed to an adder's poison
             ... on level 2 of the Dungeon.
             The game lasted 00:00:03 (1055 turns).

qw the Shooter (Spriggan Hunter)                    Turns: 1055, Time: 00:00:04

Health: 0/18       AC:  2    Str:  7    XL:     3   Next: 23%
Magic:  4/4        EV: 19    Int: 10    God:
Gold:   69         SH:  0    Dex: 20    Spells: 2/2 levels left

rFire   . . .        a - +0 shortbow (flame)
rCold   . . .        (shield currently unavailable)
rNeg    . . .        c - +0 robe
rPois   .            (helmet restricted)
rElec   .            (no cloak)
rCorr   .            (gloves unavailable)
SInv    +            (boots unavailable)
Will    .....        (no amulet)
Stlth   ++           (no ring)
HPRegen 0.23/turn    (no ring)
MPRegen 0.09/turn

%: no passive effects
@: lethally poisoned (0 -> -4), very quick
A: very small, no large weapons, unfitting armour, see invisible, speed 3
a: no special abilities


You were on level 2 of the Dungeon.
You visited 1 branch of the dungeon, and saw 2 of its levels.

You collected 69 gold pieces.


Innate Abilities, Weirdness & Mutations

You are very small and have problems with some larger weapons.
You are too small for most types of armour.
You have supernaturally acute eyesight. (SInv)
You cover ground extremely quickly. (Speed+++)


   Skills:
 - Level 1.5 Fighting
 + Level 4.5 Ranged Weapons
 - Level 4.0 Dodging
 - Level 1.5 Stealth


You had 2 spell levels left.
You didn't know any spells.
Your spell library was empty.

Inventory:

Hand Weapons
 a - a +0 shortbow of flaming (weapon)
Armour
 c - a +0 robe (worn)
Jewellery
 i - an amulet of guardian spirit
 k - a ring of protection from cold
Scrolls
 b - a scroll of fog {unknown}
 g - 2 scrolls of teleportation {unknown}
 h - a scroll of identify {unknown}
 j - a scroll of blinking {unknown}
Potions
 d - a potion of enlightenment {unknown}
 e - a potion of might {unknown}
 f - a potion of mutation {unknown}

Dungeon Overview and Level Annotations

Branches:
Dungeon (2/15)

Altars:

Shops:
D:1 [   D:2 ((


Message History

A hobgoblin comes into view.
You shoot an arrow. The arrow closely misses the hobgoblin.
The hobgoblin shouts!
You shoot an arrow.
The arrow hits the hobgoblin but does no damage.
The hobgoblin closely misses you. The hobgoblin completely misses you.
You shoot an arrow. The arrow hits the hobgoblin.
The arrow burns the hobgoblin.
The hobgoblin is severely wounded.
The hobgoblin completely misses you.
You shoot an arrow. The arrow hits the hobgoblin.
The arrow burns the hobgoblin.
You kill the hobgoblin!
The adder completely misses you.
You shoot an arrow. The arrow barely misses the adder.
The adder bites you.
You shoot an arrow. The arrow misses the adder.
The adder misses you. x2
You shoot an arrow. The arrow closely misses the adder.
The adder bites you.
You are poisoned.
The adder poisons you!
You shoot an arrow. The arrow barely misses the adder.
You feel sick. The adder completely misses you. The adder bites you.
You shoot an arrow. The arrow closely misses the adder.
You feel sick. The adder misses you. x2
You shoot an arrow. The arrow hits the adder.
The arrow burns the adder.
The adder is heavily wounded.
You feel sick. The adder closely misses you.
You shoot an arrow. The arrow barely misses the adder.
You feel sick.
You are no longer poisoned.
The adder bites you. x2
You shoot an arrow. The arrow hits the adder.
The arrow burns the adder.
The adder is heavily wounded.
The adder bites you but does no damage.
You shoot an arrow. The arrow closely misses the adder.
The adder bites you.
You are lethally poisoned!
The adder poisons you! The adder misses you.
You shoot an arrow. The arrow closely misses the adder.
You die...

. .. .%. ....
.....####
.....gS.### ..#
#@..## #.#
###..## #.#
##..# #.#
##..\# #.#
##[.###
###.####..##
#........#####
##.#.########.#
########..#.#
#...#


You could see an adder and a hobgoblin.

Vanquished Creatures
  2 bats (D:2)
  3 endoplasms
  2 giant cockroaches
  3 goblins
  5 hobgoblins
  9 kobolds (D:1)
  A quokka (D:1)
  3 ball pythons
  2 frilled lizards
  2 rats (D:1)
32 creatures vanquished.

Notes
Turn   | Place    | Note
-------+----------+-------------------------------------------
     0 | D:1      | qw the Spriggan Hunter began the quest for the Orb.
     0 | D:1      | Reached XP level 1. HP: 10/10 MP: 2/2
     0 | D:1      | 0 ||| qw: Version: 0.3-a-160-g6735b56
     0 | D:1      | 0 ||| qw: Game counter: 5212
     0 | D:1      | 0 ||| qw: Melee chars always use a shield: true
     0 | D:1      | 0 ||| qw: God list: Okawaru
     0 | D:1      | 0 ||| qw: Allow faded altars: false
     0 | D:1      | 0 ||| qw: Do Orc after clearing Dungeon:15 true
     0 | D:1      | 0 ||| qw: Do second Lair branch before Depths: true
     0 | D:1      | 0 ||| qw: Lair rune preference: random
     0 | D:1      | 0 ||| qw: Goals: Normal
     0 | D:1      | 0 ||| PLANNING D:1-11
    81 | D:1      | Reached skill level 3 in Dodging
   108 | D:1      | Found Olysas's Antique Armour Shop.
   345 | D:1      | Reached XP level 2. HP: 14/14 MP: 3/3
   771 | D:1      | 771 ||| READING scroll labelled VYHOTU IJIELENN.
   771 | D:1      | 771 ||| BRANDING +0 shortbow.
   772 | D:1      | 772 ||| DROPPING scroll of butterflies.
   838 | D:2      | 838 ||| STAIRDANCE
   898 | D:2      | Found Weihig's Antique Weapon Shop.
   903 | D:2      | 903 ||| SHOPLISTING runed sling (108 gold, have 69).
   923 | D:2      | Reached XP level 3. HP: 18/18 MP: 4/4
  1022 | D:2      | Found Kost's Weapon Boutique.
  1054 | D:2      | HP: 1/18 [adder (4)]
  1055 | D:2      | Succumbed to an adder's poison

Levels and vault maps discovered:
D:1:      hellmonk_arrival_library, layout_basic, serial_shops, shop,
          hangedman_decor_slide_cut
D:2:      layout_rooms, serial_shops, shop, shop

Skill      XL: |  1  2 |
---------------+-------+-----
Dodging        | 3 4 |  4.0
Fighting       | |  1.5
Ranged Weapons | |  4.5
Stealth        | |  1.5

Action                     || total
---------------------------++-------
   Fire: Shortbow          ||    82
    Use: Scroll            ||     1
 Armour: Robe              ||    14
  Dodge: Dodged            ||    24

Table legend:
 A = Non-vault XP
 B = Vault XP
 C = Vault XP percentage of total XP
 D = Non-vault monster count
 E = Vault monster count
 F = Vault count percentage of total count
                 A         B        C        D         E       F
            +---------+---------+-------+---------+---------+-------
      Total |      54 |       0 |   0.0 |      32 |       0 |   0.0
            +---------+---------+-------+---------+---------+-------
        D:1 |      36 |       0 |   0.0 |      22 |       0 |   0.0
        D:2 |      18 |       0 |   0.0 |      10 |       0 |   0.0
            +---------+---------+-------+---------+---------+-------
